[Event "45th FIDE Womens Olympiad 2024"]
[Site "Budapest"]
[Date "2024.09.12"]
[Round "2.188"]
[White "Redzuan, Nur Ainul Mardhiah"]
[Black "Alvarez Gutierrez, Patricia"]
[Result "0-1"]
[ECO "B19"]
[WhiteElo "1481"]
[BlackElo "1826"]
[Annotator "NA"]
[PlyCount "124"]
[EventDate "2024.09.05"]
[EventType "team-tourn"]
[EventCountry "HUN"]
[SourceTitle "playchess.com"]
[Source "ChessBase"]
[SourceQuality "1"]
[WhiteTeam "Brunei Darussalam"]
[BlackTeam "Nicaragua"]
[BlackTeamCountry "NCA"]
[TimeControl "40/5400+30:1800+30"]

1. e4 c6 2. d4 d5 3. Nc3 dxe4 4. Nxe4 Bf5 5. Ng3 Bg6 6. h4 h6 7. Nf3 Nd7 8. Bc4 e6 9. Be3 Ngf6 10. O-O Be7 11. c3 O-O 12. Bd3 Bxd3 13. Qxd3 Qc7 14. Rfe1 Rad8 15. Qc2 Rfe8 16. Rad1 Bd6 17. Nf1 Ng4 18. g3 e5 19. N3h2 Nxe3 20. Rxe3 exd4 21. cxd4 Nf6 22. Rde1 Rxe3 23. Rxe3 Qd7 24. Qe2 Bf8 25. Nf3 Qd5 26. b3 Bd6 27. Rd3 Re8 28. Qd1 Qa5 29. a4 Nd5 30. Ne3 Nxe3 31. Rxe3 Rxe3 32. fxe3 Bxg3 33. Kg2 Bd6 34. Qd3 Qd5 35. e4 Qe6 36. e5 Qg4+ 37. Kf2 Be7 38. Qe3 Bxh4+ 39. Nxh4 Qxh4+ 40. Ke2 Qg4+ 41. Kd3 h5 42. d5 cxd5 43. Qxa7 Qd1+ 44. Kc3 Qc1+ 45. Kb4 Qc6 46. Qd4 h4 47. Qxh4 Qb6+ 48. Kc3 Qe3+ 49. Kb4 Qe4+ 50. Qxe4 dxe4 51. Kc4 e3 52. Kd3 e2 53. Kxe2 Kf8 54. Ke3 Ke7 55. Ke4 Ke6 56. Kf4 Kd5 57. Ke3 Kxe5 58. b4 Kd5 59. Kd3 f5 60. Ke3 Kc4 61. Kf4 Kxb4 62. Kxf5 Kxa4 0-1

[Event "45th FIDE Womens Olympiad 2024"]
[Site "Budapest"]
[Date "2024.09.12"]
[Round "2.189"]
[White "Jambo, Linda"]
[Black "Serina Arafat"]
[Result "0-1"]
[ECO "C10"]
[WhiteElo "1629"]
[BlackElo "1552"]
[Annotator "NA"]
[PlyCount "65"]
[EventDate "2024.09.05"]
[EventType "team-tourn"]
[EventCountry "HUN"]
[SourceTitle "playchess.com"]
[Source "ChessBase"]
[SourceQuality "1"]
[WhiteTeam "Malawi"]
[BlackTeam "Jordan"]
[WhiteTeamCountry "MWI"]
[BlackTeamCountry "JOR"]
[TimeControl "40/5400+30:1800+30"]

1. e4 e6 2. d4 d5 3. Nc3 dxe4 4. Nxe4 Nd7 5. Nf3 Ngf6 6. Bg5 Be7 7. Nxf6+ Nxf6 8. Be2 O-O 9. O-O b6 10. c3 Bb7 11. Re1 h6 12. Bh4 Re8 13. Ne5 Nd7 14. Bxe7 Qxe7 15. Bb5 Qg5 16. g3 c6 17. Bxc6 Bxc6 18. Nxc6 Qb5 19. Nb4 a5 20. Nd3 Rad8 21. a4 Qf5 22. f4 Qg6 23. Ne5 Nxe5 24. Rxe5 Rd5 25. Qb3 Rxe5 26. dxe5 Qd3 27. Qxb6 Rd8 28. Rf1 Rd7 29. Qxa5 Qe3+ 30. Kg2 Qe4+ 31. Kh3 Qf5+ 32. Kg2 Rd2+ 33. Kg1 0-1

[Event "45th FIDE Womens Olympiad 2024"]
[Site "Budapest"]
[Date "2024.09.12"]
[Round "2.190"]
[White "Jeda Helal"]
[Black "Namangale, Susan"]
[Result "1-0"]
[ECO "B40"]
[WhiteElo "1569"]
[BlackElo "1521"]
[Annotator "NA"]
[PlyCount "97"]
[EventDate "2024.09.05"]
[EventType "team-tourn"]
[EventCountry "HUN"]
[SourceTitle "playchess.com"]
[Source "ChessBase"]
[SourceQuality "1"]
[WhiteTeam "Jordan"]
[BlackTeam "Malawi"]
[WhiteTeamCountry "JOR"]
[BlackTeamCountry "MWI"]
[TimeControl "40/5400+30:1800+30"]

1. e4 e6 2. d4 c5 3. Nf3 b6 4. c4 cxd4 5. Nxd4 e5 6. Nf5 Qc7 7. Nc3 a6 8. Nd5 Qc6 9. Be3 Bc5 10. Nxg7+ Kf8 11. Bxc5+ bxc5 12. Nf5 d6 13. Qg4 Bxf5 14. Qxf5 Nd7 15. Be2 Ne7 16. Qh3 Nxd5 17. cxd5 Qb7 18. O-O Nf6 19. Qf5 Ke7 20. f4 Qd7 21. fxe5 Qxf5 22. exd6+ Kxd6 23. Rxf5 Nxe4 24. Bd3 Rae8 25. Re1 Nd2 26. Rd1 c4 27. Rxd2 cxd3 28. Rxd3 Re7 29. Rf6+ Kd7 30. h3 Re1+ 31. Kh2 Rb8 32. Rxf7+ Re7 33. Rxe7+ Kxe7 34. d6+ Kd7 35. Rd2 Rb6 36. Kg3 Rb8 37. Kf4 Rf8+ 38. Kg5 Rf7 39. Kh6 a5 40. b3 Kd8 41. d7 Re7 42. g4 Rf7 43. g5 Re7 44. h4 Rf7 45. h5 Re7 46. g6 hxg6 47. hxg6 Re6 48. Kh7 Re7+ 49. g7 1-0

[Event "45th FIDE Womens Olympiad 2024"]
[Site "Budapest"]
[Date "2024.09.12"]
[Round "2.191"]
[White "Msukwa, Tupokiwe"]
[Black "Boshra, Alshaeby"]
[Result "0-1"]
[ECO "B14"]
[WhiteElo "1674"]
[BlackElo "1939"]
[Annotator "ChessBase"]
[PlyCount "136"]
[EventDate "2024.09.05"]
[EventType "team-tourn"]
[EventCountry "HUN"]
[SourceTitle "playchess.com"]
[Source "ChessBase"]
[SourceQuality "1"]
[WhiteTeam "Malawi"]
[BlackTeam "Jordan"]
[WhiteTeamCountry "MWI"]
[BlackTeamCountry "JOR"]
[TimeControl "40/5400+30:1800+30"]

1. d4 Nf6 2. c4 e6 3. Nc3 Bb4 4. Bd2 c5 5. e3 cxd4 6. exd4 Nc6 7. Nf3 d5 8. a3 Bxc3 9. Bxc3 O-O 10. Be2 dxc4 11. Bxc4 b6 12. O-O Bb7 13. Qd3 Nd5 14. Rad1 Nce7 15. g3 Rc8 16. Ba2 Ng6 17. Bd2 Rc7 18. Rc1 Rd7 19. Bb1 Nf6 20. Bc3 e5 21. Qf5 Ne7 22. Qg5 Bxf3 23. dxe5 Nfd5 24. Bd4 h6 25. Qh4 Ng6 26. Qh3 Ngf4 27. gxf4 Nxf4 28. Qxf3 Rxd4 29. Rfd1 Qg5+ 30. Kf1 Ne6 31. Rxd4 Qxc1+ 32. Rd1 Qxb2 33. Qd3 g6 34. Qh3 Qb5+ 35. Bd3 Qxe5 36. Qxh6 Qg5 37. Qh3 Rd8 38. Be2 Rxd1+ 39. Bxd1 Qd2 40. Qg4 Nf4 41. Qc8+ Kg7 42. Qc2 Qd4 43. Qa4 Qe5 44. Qb3 Qa1 45. Qf3 Ne6 46. Kg2 Nd4 47. Qd3 Ne6 48. Qf3 Qe5 49. Qe3 Nf4+ 50. Kf3 Qxe3+ 51. fxe3 Ne6 52. Ke4 Kf6 53. h4 Nc5+ 54. Kd4 Ke6 55. Bg4+ f5 56. Bf3 Kd6 57. Bd1 Ne6+ 58. Kc4 Ke5 59. Bc2 Nc7 60. a4 Nd5 61. Kb5 Nxe3 62. Bd3 Nd5 63. Ka6 Nb4+ 64. Kxa7 Nxd3 65. Kxb6 Kd4 66. a5 Nc5 67. Kc6 f4 68. Kd6 f3 0-1

[Event "45th FIDE Womens Olympiad 2024"]
[Site "Budapest"]
[Date "2024.09.12"]
[Round "2.192"]
[White "Ruba Al-Qudah"]
[Black "Jaylos, Rachel"]
[Result "1-0"]
[ECO "C55"]
[WhiteElo "1937"]
[BlackElo "1540"]
[Annotator "NA"]
[PlyCount "55"]
[EventDate "2024.09.05"]
[EventType "team-tourn"]
[EventCountry "HUN"]
[SourceTitle "playchess.com"]
[Source "ChessBase"]
[SourceQuality "1"]
[WhiteTeam "Jordan"]
[BlackTeam "Malawi"]
[WhiteTeamCountry "JOR"]
[BlackTeamCountry "MWI"]
[TimeControl "40/5400+30:1800+30"]

1. e4 e5 2. Bc4 Nf6 3. d3 h6 4. Nf3 Nc6 5. c3 a6 6. O-O Bc5 7. d4 exd4 8. cxd4 Ba7 9. e5 Ne4 10. Re1 Ng5 11. Nxg5 hxg5 12. Qg4 Qe7 13. Qxg5 Qb4 14. Nc3 Qxc4 15. Qxg7 Rh5 16. Qg8+ Ke7 17. Bg5+ Rxg5 18. Qxg5+ Kf8 19. Qh6+ Ke8 20. d5 Bxf2+ 21. Kxf2 Qd4+ 22. Kf1 Nxe5 23. Qh8+ Ke7 24. Rxe5+ Kd6 25. Ne4+ Qxe4 26. Rxe4 b5 27. Rc1 c5 28. Qe5# 1-0

[Event "45th FIDE Womens Olympiad 2024"]
[Site "Budapest"]
[Date "2024.09.12"]
[Round "2.193"]
[White "De la Riva Real, Ariadna"]
[Black "Spinola, Divania"]
[Result "1-0"]
[ECO "C41"]
[WhiteElo "1823"]
[BlackElo "1583"]
[Annotator "NA"]
[PlyCount "42"]
[EventDate "2024.09.05"]
[EventType "team-tourn"]
[EventCountry "HUN"]
[SourceTitle "playchess.com"]
[Source "ChessBase"]
[SourceQuality "1"]
[WhiteTeam "Andorra"]
[BlackTeam "Cape Verde"]
[WhiteTeamCountry "AND"]
[TimeControl "40/5400+30:1800+30"]

1. e4 e5 2. Nf3 d6 3. d4 Nf6 4. Nc3 Be7 5. dxe5 dxe5 6. Qxd8+ Kxd8 7. Nxe5 Rf8 8. Bc4 Be6 9. Be3 Bxc4 10. Nxc4 Nbd7 11. O-O h6 12. e5 Ng4 13. Bf4 g5 14. Bg3 Bc5 15. h3 Ngxe5 16. Bxe5 Nxe5 17. Nxe5 Ke7 18. Rfe1 Kf6 19. Nd7+ Kg7 20. Nxc5 b6 21. N5e4 Rfd8 1-0

[Event "45th FIDE Womens Olympiad 2024"]
[Site "Budapest"]
[Date "2024.09.12"]
[Round "2.195"]
[White "Muratet Carmona, Alexandra"]
[Black "Almeida, Jacira Laura"]
[Result "1-0"]
[ECO "C54"]
[WhiteElo "1796"]
[BlackElo "1616"]
[Annotator "NA"]
[PlyCount "31"]
[EventDate "2024.09.05"]
[EventType "team-tourn"]
[EventCountry "HUN"]
[SourceTitle "playchess.com"]
[Source "ChessBase"]
[SourceQuality "1"]
[WhiteTeam "Andorra"]
[BlackTeam "Cape Verde"]
[WhiteTeamCountry "AND"]
[TimeControl "40/5400+30:1800+30"]

1. e4 e5 2. Nf3 Nc6 3. Bc4 Bc5 4. d3 h6 5. c3 Nf6 6. O-O d5 7. exd5 Nxd5 8. b4 Bb6 9. b5 Na5 10. Nxe5 Nxc4 11. dxc4 f6 12. Qh5+ g6 13. Qxg6+ Ke7 14. Qf7+ Kd6 15. Qxd5+ Ke7 16. Ng6+ 1-0

[Event "45th FIDE Womens Olympiad 2024"]
[Site "Budapest"]
[Date "2024.09.12"]
[Round "2.196"]
[White "Moreno, Akiane"]
[Black "Real Puigdollers, Silvia"]
[Result "0-1"]
[ECO "C41"]
[WhiteElo "1547"]
[BlackElo "1781"]
[Annotator "NA"]
[PlyCount "70"]
[EventDate "2024.09.05"]
[EventType "team-tourn"]
[EventCountry "HUN"]
[SourceTitle "playchess.com"]
[Source "ChessBase"]
[SourceQuality "1"]
[WhiteTeam "Cape Verde"]
[BlackTeam "Andorra"]
[BlackTeamCountry "AND"]
[TimeControl "40/5400+30:1800+30"]

1. e4 d6 2. Nf3 e5 3. Nc3 Nf6 4. d4 Nbd7 5. Bg5 Be7 6. d5 c6 7. Be2 Qc7 8. h3 h6 9. Bxf6 Nxf6 10. Qd2 Bd7 11. b3 a6 12. O-O-O c5 13. Qe3 b5 14. g4 g5 15. a3 b4 16. axb4 cxb4 17. Na2 a5 18. Bc4 Rb8 19. Kd2 Qc5 20. Qxc5 Nxe4+ 21. Ke2 Nxc5 22. Rhg1 Bd8 23. h4 gxh4 24. g5 e4 25. Rde1 exf3+ 26. Kxf3+ Kf8 27. g6 fxg6 28. Rxg6 Bg5 29. Rxd6 Re8 30. Rxe8+ Kxe8 31. Rb6 Rf8+ 32. Kg2 h3+ 33. Kg3 Bf4+ 34. Kh4 h2 35. Rb8+ Bxb8 0-1

[Event "45th FIDE Womens Olympiad 2024"]
[Site "Budapest"]
[Date "2024.09.12"]
[Round "2.197"]
[White "Al Aisaee, Anat"]
[Black "Marape, Naledi"]
[Result "0-1"]
[ECO "B90"]
[WhiteElo "1608"]
[BlackElo "1926"]
[Annotator "NA"]
[PlyCount "64"]
[EventDate "2024.09.05"]
[EventType "team-tourn"]
[EventCountry "HUN"]
[SourceTitle "playchess.com"]
[Source "ChessBase"]
[SourceQuality "1"]
[WhiteTeam "Oman"]
[BlackTeam "Botswana"]
[WhiteTeamCountry "OMN"]
[BlackTeamCountry "BOT"]
[TimeControl "40/5400+30:1800+30"]

1. e4 c5 2. Nf3 d6 3. d4 cxd4 4. Nxd4 Nf6 5. Nc3 a6 6. Bd3 e5 7. Nf5 Bxf5 8. exf5 d5 9. O-O e4 10. Re1 Be7 11. Bf1 h6 12. g3 O-O 13. Be3 Nc6 14. Ne2 Qd7 15. Bh3 Ne5 16. Nd4 Nc4 17. Bc1 Bc5 18. c3 Ne5 19. Bg2 Nd3 20. Re2 Bxd4 21. cxd4 Qxf5 22. Qb3 Rfc8 23. Bd2 Ng4 24. Rf1 Nxh2 25. Rd1 Qh5 26. Rde1 Nxe1 27. Rxe1 b5 28. Bf4 Ng4 29. Rd1 Rc4 30. Kf1 Rac8 31. Rd2 Nh2+ 32. Ke1 Nf3+ 0-1

[Event "45th FIDE Womens Olympiad 2024"]
[Site "Budapest"]
[Date "2024.09.12"]
[Round "2.198"]
[White "Gabatshwarwe Refilwe"]
[Black "Al Nadabi, Yomna"]
[Result "1-0"]
[ECO "A48"]
[WhiteElo "1787"]
[BlackElo "1612"]
[Annotator "NA"]
[PlyCount "87"]
[EventDate "2024.09.05"]
[EventType "team-tourn"]
[EventCountry "HUN"]
[SourceTitle "playchess.com"]
[Source "ChessBase"]
[SourceQuality "1"]
[WhiteTeam "Botswana"]
[BlackTeam "Oman"]
[WhiteTeamCountry "BOT"]
[BlackTeamCountry "OMN"]
[TimeControl "40/5400+30:1800+30"]

1. d4 Nf6 2. Bf4 g6 3. e3 Bg7 4. Nf3 d6 5. c3 b6 6. Nbd2 Nbd7 7. h3 O-O 8. Qc2 Re8 9. Bb5 a6 10. Bc6 Ra7 11. O-O Bb7 12. Bxb7 Rxb7 13. Rfd1 e5 14. dxe5 dxe5 15. Bh2 Qe7 16. e4 b5 17. Nb3 c5 18. c4 bxc4 19. Na5 Rb5 20. Nxc4 Rd8 21. Nfxe5 Nxe5 22. Rxd8+ Qxd8 23. Bxe5 Qe7 24. Re1 Qe6 25. b3 Bf8 26. Qd3 Nd7 27. Bg3 Nb6 28. Nxb6 Qxb6 29. Rd1 Ra5 30. a4 Be7 31. Qd5 Bf6 32. e5 c4 33. Qa8+ Kg7 34. exf6+ Qxf6 35. bxc4 Rxa4 36. Qe8 Ra5 37. Bd6 Kh6 38. Bf8+ Kh5 39. g4+ Kg5 40. Be7 Re5 41. Bxf6+ Kxf6 42. Rd6+ Re6 43. Rxe6+ fxe6 44. c5 1-0

[Event "45th FIDE Womens Olympiad 2024"]
[Site "Budapest"]
[Date "2024.09.12"]
[Round "2.199"]
[White "Al Ghafri, Alanoud"]
[Black "Banda Natalie Katlo"]
[Result "0-1"]
[ECO "B17"]
[WhiteElo "1546"]
[BlackElo "1893"]
[Annotator "NA"]
[PlyCount "82"]
[EventDate "2024.09.05"]
[EventType "team-tourn"]
[EventCountry "HUN"]
[SourceTitle "playchess.com"]
[Source "ChessBase"]
[SourceQuality "1"]
[WhiteTeam "Oman"]
[BlackTeam "Botswana"]
[WhiteTeamCountry "OMN"]
[BlackTeamCountry "BOT"]
[TimeControl "40/5400+30:1800+30"]

1. e4 c6 2. d4 d5 3. Nc3 dxe4 4. Nxe4 Nd7 5. Nf3 Ngf6 6. Ng3 e6 7. Bf4 Qb6 8. b3 Nd5 9. Bd2 c5 10. Bc4 N7f6 11. dxc5 Bxc5 12. O-O O-O 13. c3 Rd8 14. Qc2 Ng4 15. Ne4 Be7 16. Bg5 Ndf6 17. h3 Nh6 18. Nxf6+ Bxf6 19. Bxf6 gxf6 20. Qe4 e5 21. Rad1 Bf5 22. Qh4 Kg7 23. g4 Be4 24. g5 Bxf3 25. Qxh6+ Kh8 26. Rxd8+ Qxd8 27. Bxf7 fxg5 28. Kh2 Qe7 29. Bc4 e4 30. Rg1 g4 31. hxg4 Qe5+ 32. Rg3 b5 33. Be6 Qxc3 34. g5 Qg7 35. Qh3 Qb2 36. Qf1 Qe5 37. Bh3 Rg8 38. Qg1 Rxg5 39. Bf1 Rh5+ 40. Bh3 Rxh3+ 41. Kxh3 Qh5# 0-1

[Event "45th FIDE Womens Olympiad 2024"]
[Site "Budapest"]
[Date "2024.09.12"]
[Round "2.200"]
[White "Mosweu, Atlang Amolemo"]
[Black "Al Bulushi, Rawan"]
[Result "1/2-1/2"]
[ECO "A48"]
[WhiteElo "1797"]
[BlackElo "1560"]
[Annotator "NA"]
[PlyCount "66"]
[EventDate "2024.09.05"]
[EventType "team-tourn"]
[EventCountry "HUN"]
[SourceTitle "playchess.com"]
[Source "ChessBase"]
[SourceQuality "1"]
[WhiteTeam "Botswana"]
[BlackTeam "Oman"]
[WhiteTeamCountry "BOT"]
[BlackTeamCountry "OMN"]
[TimeControl "40/5400+30:1800+30"]

1. d4 Nf6 2. Bf4 g6 3. e3 Bg7 4. Nf3 d6 5. h3 b6 6. c3 Bb7 7. Nbd2 O-O 8. Qc2 Nbd7 9. Be2 Re8 10. O-O e5 11. dxe5 Nxe5 12. Rad1 Nxf3+ 13. Nxf3 Qc8 14. Qb3 a5 15. a3 a4 16. Qc2 Ra5 17. Nd4 Re7 18. Bf3 Bxf3 19. Nxf3 Ne4 20. Nd4 Qb7 21. f3 Nf6 22. e4 Nh5 23. Bh2 Bh6 24. Qd3 Nf4 25. Bxf4 Bxf4 26. Ne2 Bh6 27. Ng3 Qa6 28. Qxa6 Rxa6 29. Kf2 Ra5 30. Rfe1 Rb5 31. Re2 Bg7 32. Nf1 Rd7 33. Ne3 c6 1/2-1/2

[Event "45th FIDE Womens Olympiad 2024"]
[Site "Budapest"]
[Date "2024.09.12"]
[Round "2.201"]
[White "Quevedo, Andreina"]
[Black "Alazmi, Amani"]
[Result "1-0"]
[ECO "B51"]
[WhiteElo "1851"]
[BlackElo "1673"]
[Annotator "NA"]
[PlyCount "73"]
[EventDate "2024.09.05"]
[EventType "team-tourn"]
[EventCountry "HUN"]
[SourceTitle "playchess.com"]
[Source "ChessBase"]
[SourceQuality "1"]
[WhiteTeam "Uruguay"]
[BlackTeam "Kuwait"]
[WhiteTeamCountry "URU"]
[BlackTeamCountry "KUW"]
[TimeControl "40/5400+30:1800+30"]

1. e4 c5 2. Nf3 Nc6 3. Bb5 d6 4. O-O Bd7 5. Re1 e5 6. c3 Be7 7. d4 Qc7 8. d5 Nb8 9. Bxd7+ Nxd7 10. c4 Ngf6 11. Nc3 O-O 12. a4 a6 13. a5 h6 14. Nh4 Rfe8 15. Nf5 Bf8 16. Qf3 Kh7 17. Qh3 Ng8 18. g4 f6 19. Qg3 g6 20. Ne3 Ne7 21. h4 Bg7 22. Bd2 Rh8 23. Na4 Kg8 24. b4 Kf7 25. Reb1 Rag8 26. bxc5 Nxc5 27. Nxc5 dxc5 28. Ra3 f5 29. Qf3 Bf6 30. Rab3 Rb8 31. exf5 gxf5 32. Nxf5 Nxf5 33. Qxf5 Kg7 34. Rb6 Rhf8 35. g5 hxg5 36. hxg5 Be7 37. Rg6+ 1-0

[Event "45th FIDE Womens Olympiad 2024"]
[Site "Budapest"]
[Date "2024.09.12"]
[Round "2.202"]
[White "Alazemi, Aisha"]
[Black "Silva Rosas, Natalia"]
[Result "0-1"]
[ECO "B01"]
[WhiteElo "1539"]
[BlackElo "1868"]
[Annotator "NA"]
[PlyCount "66"]
[EventDate "2024.09.05"]
[EventType "team-tourn"]
[EventCountry "HUN"]
[SourceTitle "playchess.com"]
[Source "ChessBase"]
[SourceQuality "1"]
[WhiteTeam "Kuwait"]
[BlackTeam "Uruguay"]
[WhiteTeamCountry "KUW"]
[BlackTeamCountry "URU"]
[TimeControl "40/5400+30:1800+30"]

1. e4 d5 2. exd5 Qxd5 3. Nc3 Qd6 4. Nf3 c6 5. d4 Bg4 6. Bc4 e6 7. O-O Nf6 8. Re1 Be7 9. g3 Qc7 10. Qd3 Nbd7 11. Bf4 Bd6 12. Ne5 O-O 13. Ne4 Nxe4 14. Rxe4 Bf5 15. Rae1 Nf6 16. f3 Nd5 17. Qd2 Bxe4 18. Rxe4 Rad8 19. Bh6 Ne7 20. Bxg7 Kxg7 21. Qg5+ Ng6 22. Ng4 f5 23. Qh6+ Kh8 24. Rxe6 Qg7 25. Rxg6 Qxg6 26. Qxg6 hxg6 27. Nf2 c5 28. c3 cxd4 29. cxd4 a6 30. Nd3 Rfe8 31. Kg2 Re2+ 32. Kh3 Kg7 33. Nf4 Rh8+ 0-1

[Event "45th FIDE Womens Olympiad 2024"]
[Site "Budapest"]
[Date "2024.09.12"]
[Round "2.203"]
[White "Cardozo, Camila"]
[Black "Nema, Rabab"]
[Result "0-1"]
[ECO "E92"]
[WhiteElo "1673"]
[BlackElo "1601"]
[Annotator "NA"]
[PlyCount "76"]
[EventDate "2024.09.05"]
[EventType "team-tourn"]
[EventCountry "HUN"]
[SourceTitle "playchess.com"]
[Source "ChessBase"]
[SourceQuality "1"]
[WhiteTeam "Uruguay"]
[BlackTeam "Kuwait"]
[WhiteTeamCountry "URU"]
[BlackTeamCountry "KUW"]
[TimeControl "40/5400+30:1800+30"]

1. d4 Nf6 2. Nf3 g6 3. c4 Bg7 4. Nc3 O-O 5. e4 d6 6. Be2 e5 7. d5 a5 8. Bg5 h6 9. Bh4 Na6 10. Nd2 Qe8 11. O-O Nh7 12. a3 h5 13. f3 Bd7 14. b3 Bh6 15. Rb1 Be3+ 16. Kh1 Bc5 17. Qc1 f5 18. Na2 g5 19. Bf2 Bxf2 20. Rxf2 f4 21. b4 axb4 22. axb4 g4 23. fxg4 hxg4 24. c5 Qg6 25. c6 bxc6 26. dxc6 Be6 27. Bc4 Nb8 28. Bxe6+ Qxe6 29. Nb3 Ng5 30. Qc2 Qh6 31. Kg1 g3 32. hxg3 fxg3 33. Rxf8+ Kxf8 34. Kf1 Qh1+ 35. Ke2 Qxg2+ 36. Kd3 Qxe4+ 37. Kd2 Nf3+ 38. Kc3 Qxc2+ 0-1

[Event "45th FIDE Womens Olympiad 2024"]
[Site "Budapest"]
[Date "2024.09.12"]
[Round "2.204"]
[White "Ajbali, Ghaleyah"]
[Black "Altesor, Caterina"]
[Result "1-0"]
[ECO "C54"]
[WhiteElo "1513"]
[BlackElo "1741"]
[Annotator "NA"]
[PlyCount "53"]
[EventDate "2024.09.05"]
[EventType "team-tourn"]
[EventCountry "HUN"]
[SourceTitle "playchess.com"]
[Source "ChessBase"]
[SourceQuality "1"]
[WhiteTeam "Kuwait"]
[BlackTeam "Uruguay"]
[WhiteTeamCountry "KUW"]
[BlackTeamCountry "URU"]
[TimeControl "40/5400+30:1800+30"]

1. e4 e5 2. Nf3 Nc6 3. Bc4 Bc5 4. c3 Nf6 5. d4 exd4 6. cxd4 Bb4+ 7. Nc3 Nxe4 8. O-O Nxc3 9. bxc3 Be7 10. d5 Na5 11. Bd3 d6 12. Qa4+ c6 13. Re1 Bd7 14. Qh4 cxd5 15. Bg5 Be6 16. Bf5 Kd7 17. Bxe7 Qxe7 18. Qg4 Qf6 19. Bxe6+ fxe6 20. Qa4+ Nc6 21. Nd4 e5 22. Rab1 Rhf8 23. Rxb7+ Kd8 24. Nxc6+ Kc8 25. Ne7+ Kxb7 26. Qc6+ Kb8 27. Rb1# 1-0

[Event "45th FIDE Womens Olympiad 2024"]
[Site "Budapest"]
[Date "2024.09.12"]
[Round "2.205"]
[White "Ruddy, Rachel"]
[Black "Johnson, Gabriella"]
[Result "1/2-1/2"]
[ECO "A07"]
[WhiteElo "1662"]
[BlackElo "1896"]
[Annotator "NA"]
[PlyCount "92"]
[EventDate "2024.09.05"]
[EventType "team-tourn"]
[EventCountry "HUN"]
[SourceTitle "playchess.com"]
[Source "ChessBase"]
[SourceQuality "1"]
[WhiteTeam "Jersey"]
[BlackTeam "Trinidad & Tobago"]
[WhiteTeamCountry "JCI"]
[TimeControl "40/5400+30:1800+30"]

1. Nf3 d5 2. g3 Nf6 3. Bg2 e6 4. d3 Bd6 5. O-O Nbd7 6. Nbd2 O-O 7. e4 c6 8. Re1 e5 9. a4 a5 10. b3 Re8 11. Bb2 d4 12. c3 dxc3 13. Bxc3 Bc7 14. Nc4 b5 15. Ne3 Nc5 16. Bf1 Ba6 17. axb5 cxb5 18. Bb2 b4 19. Nc4 Bxc4 20. bxc4 a4 21. d4 exd4 22. Bxd4 Nfxe4 23. Bd3 h6 24. Bxe4 Nxe4 25. Rxa4 Nc3 26. Rxe8+ Qxe8 27. Rxa8 Qxa8 28. Qd3 Qe4 29. Qxe4 Nxe4 30. c5 f6 31. c6 Kf7 32. Bb2 Ke6 33. Nd4+ Kd6 34. f4 Bb6 35. Kg2 Bxd4 36. Bxd4 Kxc6 37. Kf3 Nc5 38. Kg4 b3 39. Kh5 Kd5 40. Ba1 Nd3 41. Kg6 Ke4 42. Kxg7 Nxf4 43. Kxf6 Nh5+ 44. Kg6 Nxg3 45. hxg3 Kf3 46. Kxh6 Kxg3 1/2-1/2

[Event "45th FIDE Womens Olympiad 2024"]
[Site "Budapest"]
[Date "2024.09.12"]
[Round "2.206"]
[White "Hermoso Rodriguez, Ysvett"]
[Black "Ashbrooke, Monika"]
[Result "1-0"]
[ECO "C05"]
[WhiteElo "1943"]
[BlackElo "1650"]
[Annotator "NA"]
[PlyCount "65"]
[EventDate "2024.09.05"]
[EventType "team-tourn"]
[EventCountry "HUN"]
[SourceTitle "playchess.com"]
[Source "ChessBase"]
[SourceQuality "1"]
[WhiteTeam "Trinidad & Tobago"]
[BlackTeam "Jersey"]
[BlackTeamCountry "JCI"]
[TimeControl "40/5400+30:1800+30"]

1. e4 e6 2. d4 d5 3. Nd2 Nf6 4. e5 Nfd7 5. f4 c5 6. c3 Nc6 7. Ndf3 Be7 8. Bd3 f6 9. Ne2 O-O 10. O-O cxd4 11. cxd4 Qb6 12. Kh1 a5 13. Qc2 f5 14. a3 Rf7 15. Rg1 Kh8 16. g4 g6 17. Be3 Nf8 18. Rg3 Bd7 19. Rag1 Rc8 20. Nc3 Na7 21. Qd2 Bc6 22. h4 h6 23. Qg2 Nh7 24. gxf5 exf5 25. Rxg6 Qd8 26. Rxh6 Qg8 27. Rg6 Qe8 28. Rg7 Rf8 29. Qg6 Qxg6 30. R7xg6 Rg8 31. Rxg8+ Rxg8 32. Rxg8+ Kxg8 33. Bxf5 1-0

[Event "45th FIDE Womens Olympiad 2024"]
[Site "Budapest"]
[Date "2024.09.12"]
[Round "2.207"]
[White "Forbes, Yasmin"]
[Black "La Fleur, Zara"]
[Result "0-1"]
[ECO "A20"]
[WhiteElo "1606"]
[BlackElo "1773"]
[Annotator "NA"]
[PlyCount "106"]
[EventDate "2024.09.05"]
[EventType "team-tourn"]
[EventCountry "HUN"]
[SourceTitle "playchess.com"]
[Source "ChessBase"]
[SourceQuality "1"]
[WhiteTeam "Jersey"]
[BlackTeam "Trinidad & Tobago"]
[WhiteTeamCountry "JCI"]
[TimeControl "40/5400+30:1800+30"]

1. c4 e5 2. g3 Nf6 3. Bg2 d5 4. d4 dxc4 5. dxe5 Qxd1+ 6. Kxd1 Ng4 7. Be3 Nxe3+ 8. fxe3 Bc5 9. Nd2 Bxe3 10. Nxc4 Bc5 11. Ke1 O-O 12. Rc1 Nd7 13. Nf3 b5 14. Na5 Rb8 15. Nc6 Rb6 16. Nfd4 Bb7 17. e6 fxe6 18. Nxe6 Bxc6 19. Nxf8 Nxf8 20. Rxc5 Bxg2 21. Rg1 Bc6 22. Kf2 Ne6 23. Rc2 Be4 24. Rd2 Rc6 25. Ke3 Bg6 26. Re1 Kf8 27. Kf3 Ng5+ 28. Kf4 Ne4 29. Rd4 Rf6+ 30. Ke3 Re6 31. Kf3 Ke7 32. h4 Rf6+ 33. Ke3 Nxg3 34. Rf4 Nf5+ 35. Kf2 Nd6 36. Rxf6 gxf6 37. Kf3 Kd7 38. Kf4 c5 39. Rd1 Kc6 40. Rf1 Kd7 41. Kg4 Ke6 42. Rc1 c4 43. b3 Ke5 44. Rd1 Bc2 45. Rc1 cxb3 46. axb3 Bxb3 47. Rc7 Be6+ 48. Kf3 Bf5 49. Rxa7 b4 50. Ra5+ Ke6 51. Ra2 b3 52. Rb2 Bc2 53. Kf4 Nc4 0-1

[Event "45th FIDE Womens Olympiad 2024"]
[Site "Budapest"]
[Date "2024.09.12"]
[Round "2.209"]
[White "Bwalya Mulwale, Lubuuto"]
[Black "Sosna Mehari Abraham"]
[Result "1-0"]
[ECO "D45"]
[WhiteElo "1852"]
[BlackElo "1541"]
[Annotator "NA"]
[PlyCount "36"]
[EventDate "2024.09.05"]
[EventType "team-tourn"]
[EventCountry "HUN"]
[SourceTitle "playchess.com"]
[Source "ChessBase"]
[SourceQuality "1"]
[WhiteTeam "Zambia"]
[BlackTeam "Eritrea"]
[WhiteTeamCountry "ZAM"]
[BlackTeamCountry "ERI"]
[TimeControl "40/5400+30:1800+30"]

1. d4 d5 2. c4 c6 3. Nc3 e6 4. Nf3 Nf6 5. e3 Bd6 6. Bd3 dxc4 7. Bxc4 b5 8. Bd3 O-O 9. e4 Bc7 10. e5 Nd5 11. Bxh7+ Kxh7 12. Ng5+ Kg6 13. h4 Bxe5 14. dxe5 Nxc3 15. h5+ Kf5 16. Qf3+ Kxe5 17. Bf4+ Kd4 18. Qxc3+ Kd5 1-0